 Dungeon Crawl Stone Soup version 0.31-a0-986-g5e6e4ef867 (webtiles) character file.

Game seed: 2457387958103645006

56 pokeman the Magician (level 3, -2/30 HPs)
             Began as a Deep Elf Hedge Wizard on Nov 21, 2023.
             Slain by a gnoll
             ... wielding a +0 halberd
              (10 damage)
             ... on level 2 of the Dungeon.
             The game lasted 00:01:38 (1256 turns).

pokeman the Magician (Deep Elf Hedge Wizard)        Turns: 1256, Time: 00:01:39

Health: -2/30      AC: 21    Str:  7    XL:     3   Next: 69%
Magic:  11/11      EV:  2    Int: 20    God:
Gold:   37         SH:  0    Dex: 14    Spells: 4/12 levels left

rFire   . . .        a - +0 dagger
rCold   . . .        (no shield)
rNeg    . . .        b - melded +0 robe
rPois   +            c - melded +0 hat
rElec   .            h - melded scarf {repulsion}
rCorr   .            (gloves currently unavailable)
SInv    .            (boots currently unavailable)
Will    .....        i - amulet of the acrobat
Stlth   +            (no ring)
HPRegen 0.25/turn    (no ring)
MPRegen 0.12/turn

%: acrobat
@: confused, lethally poisoned (-2 -> -4), tree-form, ambrosia-drunk, acrobatic
A: stationary, stasis, torment immunity, boosted hp
a: no special abilities


You were on level 2 of the Dungeon.
You were a tree.
You visited 1 branch of the dungeon, and saw 2 of its levels.

You collected 37 gold pieces.

Inventory:

Hand Weapons
 a - a +0 dagger (weapon)
Armour
 b - a +0 robe (melded)
 c - a +0 hat (melded)
 h - a scarf of repulsion (melded)
Magical Staves
 k - a staff of earth
Jewellery
 i - an amulet of the acrobat (around neck)
Scrolls
 e - a scroll of noise {unknown}
 g - a scroll of blinking {unknown}
 n - a scroll of vulnerability {unknown}
Potions
 d - a potion of magic
 j - a potion of lignification
 l - a potion of enlightenment {unknown}
 m - a potion of degeneration {unknown}


   Skills:
 + Level 1.0 Fighting
 + Level 1.0 Armour
 - Level 2.4 Dodging
 - Level 2.4 Stealth
 * Level 5.3 Spellcasting
 + Level 2.0 Conjurations
 - Level 1.1 Summonings
 - Level 1.1 Translocations


You had 4 spell levels left.
You knew the following spells:

 Your Spells              Type           Power      Damage    Failure   Level
a - Magic Dart            Conj           52%        1d5       4%          1
b - Mephitic Cloud        Conj/Pois/Air  8%         N/A       26%         3
c - Call Imp              Summ           18%        N/A       11%         2
d - Blink                 Tloc           18%        N/A       11%         2

Your spell library contained the following spells:

 Spells                   Type           Power      Damage    Failure   Level
 Kiss of Death            Conj/Necr      36%        2d8       8%          1
 Slow                     Hex            20%        N/A       11%         1
 Cigotuvi's Dreadful Rot  Necr/Pois/Air  10%        N/A       17%         2
 Confusing Touch          Hex            5%         N/A       32%         3
 Dispel Undead            Necr           5%         3d7       73%         4


Dungeon Overview and Level Annotations

Branches:
Dungeon (2/15)

Altars:


Message History

You catch the helpless gnoll completely off-guard!
You puncture the gnoll!
The gnoll is heavily wounded.
The gnoll is engulfed in noxious fumes.
The gnoll appears confused.
The gnoll mumbles something.
The gnoll is engulfed in noxious fumes.
The gnoll appears confused.
The gnoll hits the gnoll with a +0 spear.
The gnoll hits the gnoll with a +0 halberd.
The gnoll closely misses you. The gnoll misses you.
You catch the helpless gnoll completely off-guard!
You puncture the gnoll!
You kill the gnoll!
The gnoll hits you from afar with a +0 spear of venom.
You are lethally poisoned!
Your Armour skill increases to level 1!
Unknown command.
You feel very sick.
You see here 9 gold pieces.
You feel very sick.
* * * LOW HITPOINT WARNING * * *
You feel very sick.
The gnoll hits the gnoll with a +0 halberd!
The gnoll is killed!
Your Fighting skill increases to level 1!
Your Conjurations skill increases to level 2!
* * * LOW HITPOINT WARNING * * *
You feel sick.
It was a potion of lignification.
You turn into a tree.
Your scarf of repulsion melds into your body.
Your +0 hat melds into your body.
Your +0 robe melds into your body.
The haze of the repulsion field disappears.
Your roots penetrate the ground.
* * * LOW HITPOINT WARNING * * *
You feel sick.
It was a potion of ambrosia.
You are confused.
You feel invigorated.
You feel sick.
You cannot move. (Use ctrl+direction or * direction to attack while stationary and confused.)
You feel sick. The gnoll hits you with a +0 halberd!
You die...

##### #.... #.....
#.....###
#.......######
#......<♣..$.####.#
#.....#.g.##).....#
#.... ###...).###.#
#### #####... ###<.
##


You could see a gnoll (confused).

Vanquished Creatures
  3 gnolls
  A dart slug (D:1)
  2 endoplasms (D:1)
  2 giant cockroaches (D:1)
  6 goblins (D:1)
  2 hobgoblins (D:1)
  A kobold (D:1)
  A quokka (D:2)
  2 bats (D:1)
  4 rats (D:1)
24 creatures vanquished.

Notes
Turn   | Place    | Note
-------+----------+-------------------------------------------
     0 | D:1      | pokeman the Deep Elf Hedge Wizard began the quest for the
                  | Orb.
     0 | D:1      | Reached XP level 1. HP: 10/10 MP: 7/7
   337 | D:1      | Reached XP level 2. HP: 16/16 MP: 1/9
   521 | D:1      | Reached skill level 5 in Spellcasting
   710 | D:1      | Reached XP level 3. HP: 20/20 MP: 5/11
   714 | D:1      | Learned a level 3 spell: Mephitic Cloud
   717 | D:1      | Learned a level 2 spell: Call Imp
   720 | D:1      | Learned a level 2 spell: Blink
  1250 | D:2      | Reached skill level 1 in Armour
  1253 | D:2      | Reached skill level 1 in Fighting
  1256 | D:2      | Slain by a gnoll

Illustrated notes

Levels and vault maps discovered:
D:1:      minmay_arrival_up_and_down, layout_basic
D:2:      layout_rooms, nicolae_ecumenical_oubliette, minmay_rat_gold_closets

Skill      XL: |  1  2  3 |
---------------+----------+-----
Spellcasting   | 5 |  5.3
Armour         | 1 |  1.0
Fighting       | 1 |  1.0
Conjurations   | 2 |  2.0
Dodging        | |  2.4
Stealth        | |  2.4
Summonings     | |  1.1
Translocations | |  1.1

Action                     || total
---------------------------++-------
  Melee: Dagger            ||    10
   Cast: Magic Dart        ||    63
         Mephitic Cloud    ||     1
    Use: Potion            ||     2
   Stab: Confused          ||     2
 Armour: Robe              ||     8
         Skin              ||     1
  Dodge: Dodged            ||    15
         Repelled          ||     1

Table legend: (Time is in decaauts)
 A = Elapsed time spent in this place.
 B = Non-inter-level travel time spent in this place.
 C = Inter-level travel time spent in this place.
 D = Time resting spent in this place.
 E = Time spent auto-exploring this place.
 F = Levels seen in this place.
 G = Mean time per level.
                   A        B        C        D        E       F      G
               +--------+--------+--------+--------+--------+-----+--------+
         Total |   1255 |   1206 |     49 |      0 |   1061 |   2 |  627.5 |
       Dungeon |   1255 |   1206 |     49 |      0 |   1061 |   2 |  627.5 |
               +--------+--------+--------+--------+--------+-----+--------+

Top non-repeatable levels by time:
     D:1: 1215 daAuts
     D:2: 40 daAuts
